AoeStats
← Rodrigo Lao Tse

Black Forest

504120228Analyzed
1v1 RM · 29d ago on Sep 4, 2026· 44m 16s· 2 players
Game mode
Random Map
Map size
Tiny (2 player)
Population
200
Speed
Normal
Resources
Standard
Victory
Conquest
Starting age
Dark Age
Ending age
Imperial Age
RankedLock teamsTeams togetherTeam positionsShared explorationLock speedFull tech treeHidden civsTurbo modeCheats
Victory
Defeat
🇦🇷 Persians · Argentina
949
+16
🇨🇱 Aztecs · Chile
953
-46
uliiisssesss
0:27 Loom
12:57 Feudal Age
13:34 Double-Bit Axe
17:19 Town Watch
20:40 Castle Age
19:31 Fletching
19:42 Scale Mail Armor
19:42 Padded Archer Armor
20:32 Fishing Lines
24:58 Gillnets
26:36 Horse Collar
28:56 Wheelbarrow
28:42 Bow Saw
28:42 Heavy Plow
29:30 Gold Mining
30:41 Kamandaran
31:42 Crossbowman
34:00 Gold Shaft Mining
33:54 Hand Cart
34:21 Town Patrol
37:40 Imperial Age
35:38 Bodkin Arrow
35:59 Leather Archer Armor
36:54 Ballistics
36:46 Masonry
36:55 Thumb Ring
37:33 Chain Mail Armor
38:19 Conscription
38:49 Ring Archer Armor
38:50 Plate Mail Armor
38:13 Stone Mining
39:42 Chemistry
39:10 Citadels
40:05 Two-Man Saw
40:04 Stone Shaft Mining
40:06 Crop Rotation
39:39 Murder Holes
41:02 Hoardings
41:59 Forging
41:55 Scale Barding Armor
42:13 Pikeman
42:53 Squires
42:39 Arson
42:14 Man-at-Arms
42:27 Sappers
43:30 Architecture
42:50 Heated Shot
43:12 Clinker Construction
43:13 Careening
43:49 Iron Casting
Rodrigo Lao Tse
4:35 Loom
11:43 Feudal Age
12:04 Horse Collar
12:20 Double-Bit Axe
12:08 Man-at-Arms
15:55 Gold Mining
17:28 Horse Collar
19:35 Wheelbarrow
20:36 Arson
25:07 Castle Age
24:01 Scale Mail Armor
26:12 Hand Cart
28:46 Bow Saw
28:59 Town Watch
29:51 Long Swordsman
30:37 Heavy Plow
33:28 Eagle Warrior
35:33 Gold Shaft Mining
35:42 Gambesons
35:59 Squires
40:24 Imperial Age
41:24 Chain Mail Armor
Connection lost

Rejoining the realm…

Still unreachable

The connection could not be restored.

Session expired

The server has moved on; the page needs a fresh start.